 Dungeon Crawl Stone Soup version 0.30-a0-219-gf2db51d15e (webtiles) character file.

Game seed: 17925617213002594797

1967 bande the Cleaver (level 9, -1/55 HPs)
             Began as a Gargoyle Fighter on Oct 6, 2022.
             Slain by a wight
             ... wielding a +2 great sword of freezing
              (10 damage)
             ... on level 7 of the Dungeon.
             The game lasted 00:07:35 (4589 turns).

bande the Cleaver (Gargoyle Fighter)                Turns: 4589, Time: 00:07:36

Health: -1/55      AC: 15    Str: 26    XL:     9   Next: 19%
Magic:  9/9        EV:  9    Int:  9    God:
Gold:   395        SH:  5    Dex: 13    Spells: 8/8 levels left

rFire   + . .      SeeInvis .    a - +0 war axe
rCold   + . .      Faith    .    c - +0 buckler
rNeg    + . .      Spirit   .    s - +1 scale mail {rF+}
rPois   ∞          Reflect  .    (no helmet)
rElec   +          Harm     .    (no cloak)
rCorr   .          Rampage  .    (no gloves)
Will    .....                    (no boots)
Stlth   ..........               (no amulet)
HPRegen 0.29/turn                h - +6 ring of strength
MPRegen 0.11/turn                l - ring of protection from cold

@: no status effects
A: sickness immunity, AC +6, negative energy resistance 1, electricity
resistance, torment resistance 1, petrification resistance
a: no special abilities


You were on level 7 of the Dungeon.
You visited 1 branch of the dungeon, and saw 7 of its levels.

You collected 395 gold pieces.

Inventory:

Hand Weapons
 a - a +0 war axe (weapon)
 v - a +4 flail
Armour
 c - a +0 buckler (worn)
 e - a +0 chain mail
 s - a +1 scale mail of fire resistance (worn)
Jewellery
 g - a +6 ring of intelligence
 h - a +6 ring of strength (left hand)
 k - a ring of fire
 l - a ring of protection from cold (right hand)
 m - a ring of ice
 r - an amulet of the acrobat
Wands
 t - a wand of paralysis (7)
Scrolls
 f - a scroll of teleportation
 i - a scroll of magic mapping
 q - a scroll of acquirement {unknown}
Potions
 b - 2 potions of haste
 d - 6 potions of might
 j - 2 potions of brilliance
 n - 3 potions of heal wounds
 o - a potion of resistance
 p - a potion of flight {unknown}
 u - a potion of berserk rage {unknown}
 w - a potion of curing {unknown}


   Skills:
 + Level 6.2 Fighting
 + Level 8.0 Axes
 + Level 6.3 Armour
 + Level 5.5 Shields


You had 8 spell levels left.
You didn't know any spells.
Your spell library contained the following spells:

 Spells                   Type           Power      Damage    Failure   Level
 Poisonous Vapours        Pois/Air       0%         N/A       86%         2
 Mephitic Cloud           Conj/Pois/Air  0%         N/A       97%         3
 Cigotuvi's Dreadful Rot  Necr/Pois/Air  Unusable   N/A       N/A         2

Dungeon Overview and Level Annotations

Branches:
Dungeon (7/15)
 Temple: D:4-7

Altars:


Innate Abilities, Weirdness & Mutations

You are immune to sickness and miasma.
Your stone body is resilient. (AC +6)
You are immune to poison.
You resist negative energy. (rN+)
You are resistant to electric shocks. (rElec)
You are resistant to unholy torment.
You are immune to petrification.


Message History

Found 7 stones. 2 wights come into view.
The wight closely misses you.
There is a stone staircase leading down here.
You hit the wight.
The wight is heavily damaged.
You barely miss the wight. You slash the wight!
The wight is heavily damaged.
The wight completely misses you. You block the wight's attack.
You hit the wight.
The wight is heavily damaged.
The wight hits you from afar with a +0 halberd.
The wight hits you with a +2 great sword of freezing.
You closely miss the wight.
The wight is heavily damaged.
The wight closely misses you.
The wight hits you from afar with a +0 halberd.
You barely miss the wight.
The wight is heavily damaged.
The wight barely misses you.
The wight hits you with a +2 great sword of freezing!
The wight freezes you.
You hit the wight.
The wight is heavily damaged.
The wight closely misses you.
The wight hits you with a +2 great sword of freezing!
The wight freezes you. You block the wight's attack.
The wight hits you with a +2 great sword of freezing!
* * * LOW HITPOINT WARNING * * *
The wight freezes you.
* * * LOW HITPOINT WARNING * * *
The wight hits you but does no damage. The wight closely misses you.
You climb downwards.
Found a scroll of teleportation and a glowing dagger.
There is a stone staircase leading up here.
You closely miss the wight.
The wight is heavily damaged.
The wight hits you with a +2 great sword of freezing!
You die...

.... ... #..
.
#..####+##..
+........?..
#...........
#...........
#.@# #.z#
#.... #.....
#......
#.......
#.)..####
##...#


You could see a wight.

Vanquished Creatures
  The ghost of porpoise the Cutter, a novice KoEn (D:5)
  A steam dragon (D:6)
  A water moccasin (D:5)
  An ice beast (D:4)
  An ogre (D:6)
  A centaur (D:6)
  2 phantoms
  The ghost of Sobieck the Sneak, an amateur KoEE (D:3)
  A bullfrog (D:5)
  2 necrophages (D:4)
  A scorpion (D:4)
  3 wights (D:6)
  2 hounds
  2 jellies
  2 orc priests
  4 orc wizards
  3 gnolls (D:5)
  8 adders
  A shadow imp (D:6)
  2 ufetubi (D:4)
  7 worms
  2 dart slugs
  12 orcs
  4 bats
  11 endoplasms
  3 giant cockroaches
  13 goblins
  7 hobgoblins
  7 jackals
  7 quokkas
  6 ball pythons
  4 frilled lizards
  8 kobolds
  8 rats
139 creatures vanquished.

Vanquished Creatures (others)
  5 demonic plants (D:2)
  2 fungi (D:2)
  2 plants
  4 withered plants (D:2)
13 creatures vanquished.

Grand Total: 152 creatures vanquished

Notes
Turn   | Place    | Note
-------+----------+-------------------------------------------
     0 | D:1      | bande the Gargoyle Fighter began the quest for the Orb.
     0 | D:1      | Reached XP level 1. HP: 14/14 MP: 1/1
     1 | D:1      | Found a runed translucent door.
    83 | D:1      | Reached skill level 2 in Axes
    83 | D:1      | Reached XP level 2. HP: 19/19 MP: 2/2
   538 | D:1      | Reached XP level 3. HP: 23/23 MP: 3/3
   908 | D:1      | Reached XP level 4. HP: 28/28 MP: 4/4
  1133 | D:2      | Reached skill level 3 in Axes
  1180 | D:2      | Found a faded altar of an unknown god.
  1638 | D:3      | Reached XP level 5. HP: 13/33 MP: 5/5
  2108 | D:3      | Found a runed translucent door.
  2111 | D:3      | Noticed Sobieck's ghost (amateur KoEE)
  2464 | D:3      | Killed Sobieck's ghost
  2465 | D:3      | Reached skill level 4 in Axes
  2465 | D:3      | Reached XP level 6. HP: 37/38 MP: 6/6
  2475 | D:3      | Identified the +3 hand axe of Unreason {drain, +Blink Will+
                  | Int+4}
  2595 | D:4      | Reached skill level 5 in Axes
  2595 | D:4      | Reached XP level 7. HP: 40/44 MP: 7/7
  2793 | D:4      | Reached skill level 5 in Armour
  3054 | D:5      | Entered Level 5 of the Dungeon
  3301 | D:5      | Reached skill level 6 in Axes
  3301 | D:5      | Reached XP level 8. HP: 39/48 MP: 8/8
  3349 | D:5      | Reached skill level 5 in Fighting
  3702 | D:5      | Found a runed translucent door.
  3703 | D:5      | Noticed porpoise's ghost (novice KoEn)
  3911 | D:5      | Killed porpoise's ghost
  3912 | D:5      | Reached skill level 7 in Axes
  3912 | D:5      | Reached skill level 5 in Shields
  4014 | D:6      | Reached XP level 9. HP: 45/55 MP: 9/9
  4401 | D:6      | Reached skill level 8 in Axes
  4589 | D:7      | Slain by a wight

Illustrated notes

Levels and vault maps discovered:
D:1:      dpeg_arrival_caged_fury, layout_basic, minmay_hexomino_c4
D:2:      layout_rooms, shapermc_ecumenical_altar_gd, st_stairs_13,
          minmay_misc_feat_enclosed
D:3:      wad_pebble_path, layout_rooms, ebering_ghost_inner_flame,
          chequers_big_river, minmay_close_crescents
D:4:      layout_gridville
D:5:      layout_loops_cross, ebering_ghost_sewer_d
D:6:      layout_loops_ring, temple_doors_e, minivault_23
D:7:      layout_gridville, mainiacjoe_overflow_24_doors

Skill      XL: |  1  2  3  4  5  6  7  8  9 |
---------------+----------------------------+-----
Axes           | 2 3 4 5 6 7 8 |  8.0
Shields        | 4 5 |  5.5
Fighting       | 4 5 6 |  6.2
Armour         | 4 5 6 |  6.3

Action                   |  1- 3 |  4- 6 |  7- 9 || total
-------------------------+-------+-------+-------++-------
Melee: War axe           |    86 |   222 |   193 ||   501
  Use: Scroll            |       |    10 |     2 ||    12
Armor: Chain mail        |    75 |   170 |    69 ||   314
       Scale mail        |       |       |    23 ||    23
Dodge: Dodged            |    47 |    63 |    93 ||   203
Block: Buckler           |    29 |    50 |    52 ||   131

Table legend: (Time is in decaauts)
 A = Elapsed time spent in this place.
 B = Non-inter-level travel time spent in this place.
 C = Inter-level travel time spent in this place.
 D = Time resting spent in this place.
 E = Time spent auto-exploring this place.
 F = Levels seen in this place.
 G = Mean time per level.
                   A        B        C        D        E       F      G
               +--------+--------+--------+--------+--------+-----+--------+
         Total |   4773 |   4656 |    117 |    685 |   2826 |   7 |  681.9 |
       Dungeon |   4773 |   4656 |    117 |    685 |   2826 |   7 |  681.9 |
               +--------+--------+--------+--------+--------+-----+--------+

Top non-repeatable levels by time:
     D:3: 1004 daAuts
     D:5: 945 daAuts
     D:2: 895 daAuts
     D:1: 727 daAuts
     D:6: 616 daAuts
     D:4: 584 daAuts
     D:7: 0 daAuts
